 Dungeon Crawl Stone Soup version 0.26-a0-652-gafc20e3620 (webtiles) character file.

Game seed: 1261644364109816373

235 DogServant the Sneak (level 5, 22/25 HPs)
             Began as a Spriggan Brigand on Oct 3, 2020.
             Quit the game on level 4 of the Dungeon.
             The game lasted 00:03:52 (1657 turns).

DogServant the Sneak (Spriggan Brigand)             Turns: 1657, Time: 00:03:52

Health: 22/25      AC:  3    Str:  7    XL:     5   Next: 76%
Magic:  6/6        EV: 19    Int: 12    God:
Gold:   32         SH:  0    Dex: 19    Spells: 4/4 levels left

rFire    . . .     SeeInvis +   a - +2 dagger
rCold    . . .     Faith    .   (shield restricted)
rNeg     . . .     Spirit   .   b - +0 robe
rPois    .         Reflect  .   (helmet restricted)
rElec    .         Harm     .   c - +0 cloak
rCorr    .         Rampage  .   (gloves unavailable)
MR       +....                  (boots unavailable)
Stlth    ++++......             f - amulet of regeneration
HPRegen  0.48/turn              o - ring of protection from magic
MPRegen  0.10/turn              (no ring)

@: very quick
A: very small, unfitting armour, see invisible, speed 3
a: no special abilities


You were on level 4 of the Dungeon.
You visited 1 branch of the dungeon, and saw 3 of its levels.

You collected 32 gold pieces.

Inventory:

Hand Weapons
 a - a +2 dagger (weapon)
Missiles
 d - 5 poisoned darts (quivered)
 e - a curare-tipped dart
Armour
 b - a +0 robe (worn)
 c - a +0 cloak (worn)
Jewellery
 f - an amulet of regeneration (around neck)
 k - an uncursed amulet of magic regeneration
 o - a ring of protection from magic (left hand)
Wands
 l - a wand of random effects (11)
Scrolls
 g - 2 scrolls of amnesia {unknown}
 i - a scroll of remove curse {unknown}
 j - 2 scrolls of identify {unknown}
 m - 2 scrolls of teleportation {unknown}
 r - a scroll of magic mapping {unknown}
 t - a scroll of enchant armour {unknown}
Potions
 h - a potion of curing {unknown}
 n - a potion of heal wounds {unknown}
 p - a potion of cancellation {unknown}
 q - a potion of ambrosia {unknown}
 s - a potion of invisibility {unknown}


   Skills:
 - Level 1.5 Fighting
 + Level 4.1 Short Blades
 - Level 3.2 Throwing
 + Level 3.6 Dodging
 + Level 7.7 Stealth


You had 4 spell levels left.
You didn't know any spells.
Your spell library was empty.

Dungeon Overview and Level Annotations

Branches:
Dungeon (2/15)

Altars:

Annotations:
D:4 Dowan, Duvessa


Innate Abilities, Weirdness & Mutations

You are very small and have problems with some larger weapons.
You are too small for most types of armour.
You have supernaturally acute eyesight. (SInv)
You cover ground extremely quickly.


Message History

The adder skeleton is heavily damaged.
The adder skeleton bites you but does no damage.
You barely miss the adder skeleton.
The adder skeleton is heavily damaged.
The adder skeleton misses you.
You hit the adder skeleton.
The adder skeleton is severely damaged.
The adder skeleton misses you.
You hit the adder skeleton.
The adder skeleton is severely damaged.
You hit the adder skeleton.
The adder skeleton is almost destroyed.
The adder skeleton barely misses you.
You completely miss the adder skeleton.
The adder skeleton is almost destroyed.
The adder skeleton bites you.
You barely miss the adder skeleton.
The adder skeleton is almost destroyed.
The adder skeleton misses you.
Are you sure you want to abandon this character and quit the game? (Confirm with "yes".)

..........##...#######
......................#
......................#
+#####....##..........#
#######...###...###
.....####†###.....#
...>..............+
..................#
...>.......@Z.....#
.....#####+##...###
..... ...# .... ....
s.. .... ... !. .


You could see an adder skeleton.

Vanquished Creatures
  A scorpion (D:4)
  A hound (D:4)
  Jessica (D:2)
  Robin (D:2)
  3 adders (D:2)
  4 gnolls (D:2)
  2 worms (D:2)
  A dart slug (D:1)
  6 bats
  A giant cockroach (D:1)
  10 goblins (D:2)
  7 hobgoblins
  4 kobolds
  3 quokkas
  6 rats
51 creatures vanquished.

Notes
Turn   | Place    | Note
-------+----------+-------------------------------------------
     0 | D:1      | DogServant the Spriggan Brigand began the quest for the
                  | Orb.
     0 | D:1      | Reached XP level 1. HP: 10/10 MP: 2/2
    48 | D:1      | Reached skill level 6 in Stealth
   107 | D:1      | Reached XP level 2. HP: 14/14 MP: 3/3
   261 | D:1      | You fall into a shaft and drop 1 floor!
   287 | D:2      | Reached XP level 3. HP: 18/18 MP: 4/4
   490 | D:2      | Noticed Robin
   538 | D:2      | Killed Robin
   538 | D:2      | Reached XP level 4. HP: 15/22 MP: 5/5
   756 | D:2      | Noticed Jessica
   765 | D:2      | Killed Jessica
   765 | D:2      | Reached skill level 7 in Stealth
  1045 | D:2      | Reached XP level 5. HP: 25/25 MP: 6/6
  1582 | D:2      | You fall into a shaft and drop 2 floors!
  1589 | D:4      | Noticed Duvessa
  1589 | D:4      | Noticed Dowan
  1657 | D:4      | Quit the game

Illustrated notes

Levels and vault maps discovered:
D:1:      tarquinn_simple_flora_water_d, layout_basic, nrook_loot_triangle
D:2:      layout_basic, uniq_jessica, uniq_robin
D:4:      layout_gridville, overflow_temple_1_default, lemuel_round_altar,
          gammafunk_temple_overflow_claw, minivault_1, uniq_ijyb, uniq_duvessa

Skill      XL: |  1  2  3  4  5 |
---------------+----------------+-----
Stealth        | 6 7 |  7.7
Short Blades   | 3 4 |  4.1
Throwing       | 3 |  3.2
Dodging        | 2 3 |  3.6
Fighting       | |  1.5

Action                   |  1- 3 |  4- 6 || total
-------------------------+-------+-------++-------
Melee: Dagger            |    58 |   104 ||   162
Throw: Dart              |     8 |    18 ||    26
 Stab: Sleeping          |    15 |     8 ||    23
Armor: Robe              |     7 |     7 ||    14
Dodge: Dodged            |    27 |    59 ||    86

Table legend: (Time is in decaauts)
 A = Elapsed time spent in this place.
 B = Non-inter-level travel time spent in this place.
 C = Inter-level travel time spent in this place.
 D = Time resting spent in this place.
 E = Time spent auto-exploring this place.
 F = Levels seen in this place.
 G = Mean time per level.
                   A        B        C        D        E       F      G
               +--------+--------+--------+--------+--------+-----+--------+
         Total |   1135 |   1135 |      0 |    141 |    591 |   3 |  378.3 |
       Dungeon |   1135 |   1135 |      0 |    141 |    591 |   3 |  378.3 |
               +--------+--------+--------+--------+--------+-----+--------+

Top non-repeatable levels by time:
     D:2: 911 daAuts
     D:1: 170 daAuts
     D:4: 53 daAuts
